AoeStats
← Long John Silver

African Clearing

505657220Analyzed
4v4 RM · 22d ago on Sep 10, 2026· 34m 52s· 8 players
Game mode
Random Map
Map size
Large (8 player)
Population
200
Speed
Normal
Resources
Standard
Victory
Conquest
Starting age
Dark Age
Ending age
Imperial Age
RankedLock teamsTeams togetherTeam positionsShared explorationLock speedFull tech treeHidden civsTurbo modeCheats
Victory
Defeat
🇨🇳 Gurjaras · China
1510
+14
🇹🇼 Mongols · Taiwan
1503
+14
🇧🇷 Wu · Brazil
1465
+16
🇹🇼 Japanese · Taiwan
1437
+17
🇹🇷 Mongols · Türkiye
1588
-21
🇩🇪 Huns · Germany
1489
-16
🇩🇪 Spanish · Germany
1440
-14
🇹🇷 Khmer · Türkiye
1319
-10
ALmotema
6:14 Loom
14:19 Feudal Age
14:21 Man-at-Arms
14:58 Double-Bit Axe
21:59 Castle Age
20:47 Gold Mining
21:40 Fletching
21:50 Padded Archer Armor
23:06 Bodkin Arrow
25:57 Thumb Ring
28:45 Leather Archer Armor
28:33 Husbandry
29:43 Ballistics
31:15 Wheelbarrow
31:47 Bloodlines
31:54 Leather Archer Armor
32:26 Scale Barding Armor
33:14 Bow Saw
Mionel Lessi
4:51 Loom
15:35 Feudal Age
20:00 Castle Age
18:34 Double-Bit Axe
18:33 Horse Collar
20:17 Stone Mining
20:17 Gold Mining
20:29 Town Watch
25:25 Wheelbarrow
28:52 Fletching
29:02 Padded Archer Armor
29:37 Bodkin Arrow
34:53 Bow Saw
34:51 Heavy Plow
35:12 Hand Cart
35:15 Leather Archer Armor
hungyh
12:29 Feudal Age
11:58 Loom
16:17 Castle Age
14:38 Double-Bit Axe
15:28 Horse Collar
18:05 Fletching
28:14 Bodkin Arrow
29:22 Ballistics
29:19 Bow Saw
32:47 Padded Archer Armor
Yuzu
13:34 Feudal Age
14:47 Loom
15:01 Double-Bit Axe
15:29 Horse Collar
18:10 Castle Age
16:57 Scale Barding Armor
19:07 Husbandry
30:05 Wheelbarrow
31:57 Scale Mail Armor
33:39 Bloodlines
33:53 Chain Barding Armor
RiasSei
11:36 Feudal Age
15:24 Castle Age
13:11 Double-Bit Axe
18:31 Bow Saw
22:40 Fletching
27:41 Wheelbarrow
26:52 Loom
27:13 Town Watch
27:57 Bodkin Arrow
31:14 Ballistics
31:56 Padded Archer Armor
35:25 Imperial Age
Bizzy
12:47 Feudal Age
14:16 Loom
17:01 Castle Age
14:49 Double-Bit Axe
16:19 Man-at-Arms
17:19 Forging
17:16 Long Swordsman
20:24 Arson
21:44 Scale Mail Armor
22:34 Squires
25:35 Horse Collar
29:51 Wheelbarrow
29:02 Town Watch
34:38 Bow Saw
Exellence
3:07 Loom
13:59 Feudal Age
14:36 Double-Bit Axe
18:08 Bloodlines
18:44 Scale Barding Armor
19:07 Forging
23:15 Castle Age
21:24 Horse Collar
22:08 Gold Mining
24:14 Bow Saw
24:45 Wheelbarrow
23:56 Town Watch
24:09 Light Cavalry
29:05 Gold Shaft Mining
34:03 Heavy Plow
Long John Silver
9:37 Loom
9:51 Loom
12:01 Feudal Age
16:01 Castle Age
14:12 Double-Bit Axe
21:56 Padded Archer Armor
Connection lost

Rejoining the realm…

Still unreachable

The connection could not be restored.

Session expired

The server has moved on; the page needs a fresh start.